 Dungeon Crawl Stone Soup version 0.31-a0-264-ga0b03e459d (webtiles) character file.

Game seed: 16975259187891799803

1231 qw the Skirmisher (level 8, -6/64 (69) HPs)
             Began as a Minotaur Hexslinger on July 13, 2023.
             Was a Follower of Okawaru.
             Mangled by a wight
             ... wielding a +4 scimitar
              (7 damage)
             ... on level 6 of the Dungeon.
             The game lasted 00:01:43 (4056 turns).

qw the Skirmisher (Minotaur Hexslinger)             Turns: 4056, Time: 00:01:44

HP:   -6/64 (69)    AC:  3    Str: 19    XL:     8   Next: 24%
MP:   6/8           EV: 16    Int: 10    God:    Okawaru [*.....]
Gold: 392           SH:  0    Dex: 15    Spells: 8/9 levels left

rFire   . . .        Y - +1 arbalest (freeze)
rCold   + . .        (shield currently unavailable)
rNeg    . . .        l - +1 robe {Will+}
rPois   .            (helmet restricted)
rElec   .            (no cloak)
rCorr   .            (no gloves)
SInv    .            (no boots)
Will    +....        c - amulet of the acrobat
Stlth   +++          d - ring of protection from cold
HPRegen 0.30/turn    b - +6 ring of strength
MPRegen 0.11/turn

%: acrobat
@: about to teleport, heroic, drained
A: horns 2, retaliatory headbutt
a: Renounce Religion, Heroism


You were on level 6 of the Dungeon.
You worshipped Okawaru.
Okawaru was aware of your devotion.
You visited 2 branches of the dungeon, and saw 7 of its levels.

You collected 392 gold pieces.


Innate Abilities, Weirdness & Mutations

You have a pair of horns on your head.
You reflexively headbutt those who attack you in melee.


   Skills:
 + Level 5.5(10.5) Fighting
 - Level 9.0(14.0) Ranged Weapons
 - Level 1.2(6.2) Armour
 - Level 3.0(8.0) Dodging
 - Level 1.0 Spellcasting
 - Level 2.0 Hexes
 + Level 2.4 Invocations


You had 8 spell levels left.
You knew the following spells:

 Your Spells              Type           Power      Damage    Failure   Level
a - Slow                  Hex            16%        N/A       16%         1

Your spell library contained the following spells:

 Spells                   Type           Power      Damage    Failure   Level
 Inner Flame              Hex/Fire       2%         N/A       56%         3
 Portal Projectile        Hex/Tloc       4%         N/A       56%         3
 Cause Fear               Hex            2%         N/A       83%         4

Inventory:

Hand Weapons
 Y - a +1 arbalest of freezing (weapon)
Armour
 j - a +0 ring mail
 l - a +1 robe of willpower (worn)
Jewellery
 a - a ring of resist corrosion
 b - a +6 ring of strength (right hand)
 c - an amulet of the acrobat (around neck)
 d - a ring of protection from cold (left hand)
 k - a ring of ice
Scrolls
 g - 3 scrolls of identify
 h - 3 scrolls of teleportation
 n - a scroll of fear {unknown}
 o - a scroll of amnesia {unknown}
Potions
 e - 2 potions of enlightenment
 f - 7 potions of curing
 i - 2 potions of mutation
 m - a potion of cancellation
 p - a potion of lignification {unknown}

Dungeon Overview and Level Annotations

Branches:
Dungeon (6/15)             Temple (1/1) D:4

Altars:
Dithmenos
Fedhas
Gozag
Hepliaklqana
Kikubaaqudgha
Makhleb
Okawaru
Ru
Sif Muna
Yredelemnul
Zin

Annotations:
D:5 2 runed translucent doors, qw's ghost, amateur GrHs


Message History

a +0 whip; a +0 plate armour
Things that are here:
a +0 spear; a gnoll corpse
There is a stone staircase leading up here. 3 wights come into view.
Enter note:
Enter note:
Enter note: You shoot a bolt.
The bolt hits the wight.
The wight is moderately damaged.
You shoot a bolt.
The bolt hits the wight but does no damage.
The wight is moderately damaged.
The wight hits you with a +3 scimitar! The wight hits you with a +3 scimitar.
You shoot a bolt. The bolt barely misses the wight.
The wight closely misses you.
You shoot a bolt. The bolt hits the wight!
The wight is severely damaged.
The wight barely misses you.
You shoot a bolt. The bolt hits the wight!
You destroy the wight!
Okawaru accepts your kill. The wight hits you with a +4 scimitar!
You feel drained.
Your life force feels restored.
4053 ||| INVOKING Heroism.
You gain the combat prowess of a mighty hero.
The wight barely misses you.
You shoot a bolt.
The bolt hits the wight but does no damage.
You shoot a bolt.
The bolt hits the wight but does no damage.
The wight hits you with a +4 scimitar!
You feel drained. The wight closely misses you.
The wight hits you with a +4 scimitar!
You feel drained.
4056 ||| READING 4 scrolls of teleportation.
As you read the scroll of teleportation, it crumbles to dust.
You feel strangely unstable.
The wight hits you with a +0 short sword.
You feel drained. The wight hits you with a +4 scimitar!
You die...

############
..#........@z#
#
#.#.########z#
##.# #.#.# .#
##.# #.#.# .#
##.# #.#.# .#
##.# #.#.# .#
##.# #.#.# .#
##.# #.#.# .#
##.###.#.#


You could see 2 wights.

Vanquished Creatures
  2 water moccasins
  A black bear (D:5)
  An ogre (D:5)
  2 phantoms
  A scorpion (D:5)
  A gnoll sergeant (D:6)
  A wight (D:6)
  2 hounds
  2 orc priests
  2 sleepcaps (D:6)
  2 iguanas
  3 orc wizards
  Robin (D:2)
  4 gnolls (D:6)
  8 adders
  4 worms
  10 orcs
  5 endoplasms
  3 giant cockroaches (D:1)
  14 goblins
  10 hobgoblins
  3 jackals (D:3)
  5 quokkas
  3 ball pythons
  4 bats
  4 frilled lizards
  10 kobolds
  8 rats
116 creatures vanquished.

Notes
Turn   | Place    | Note
-------+----------+-------------------------------------------
     0 | D:1      | qw the Minotaur Hexslinger began the quest for the Orb.
     0 | D:1      | Reached XP level 1. HP: 16/16 MP: 1/1
     0 | D:1      | 0 ||| qw: Version: 0.3-a-52-g30416fa
     0 | D:1      | 0 ||| qw: Game counter: 7565
     0 | D:1      | 0 ||| qw: Melee chars always use a shield: true
     0 | D:1      | 0 ||| qw: God list: Okawaru
     0 | D:1      | 0 ||| qw: Allow faded altars: false
     0 | D:1      | 0 ||| qw: Do Orc after clearing Dungeon:15 true
     0 | D:1      | 0 ||| qw: Do second Lair branch before Depths: true
     0 | D:1      | 0 ||| qw: Lair rune preference: random
     0 | D:1      | 0 ||| qw: Goals: Normal
     0 | D:1      | 0 ||| PLANNING D:1-11
   248 | D:1      | Reached skill level 3 in Ranged Weapons
   352 | D:1      | Reached XP level 2. HP: 23/23 MP: 2/2
   911 | D:1      | 911 ||| UPGRADING to +0 ring mail.
   921 | D:1      | 921 ||| DROPPING +0 robe.
   922 | D:1      | 922 ||| UPGRADING to +6 ring of strength.
   923 | D:1      | 923 ||| READING scroll labelled QICRIMERASCH.
   924 | D:1      | 924 ||| READING scroll labelled USOLIN LOMAU.
   925 | D:1      | 925 ||| READING 2 scrolls labelled QUAMIYM MUA.
   926 | D:1      | 926 ||| DRINKING 2 smoky grey potions.
   927 | D:1      | 927 ||| DROPPING scroll of poison.
  1027 | D:2      | 1027 ||| SWAPPING to +0 arbalest.
  1029 | D:2      | 1029 ||| DROPPING +1 sling.
  1041 | D:2      | Reached XP level 3. HP: 29/29 MP: 3/3
  1053 | D:2      | 1053 ||| FLEEEEING.
  1054 | D:2      | 1054 ||| FLEEEEING.
  1055 | D:2      | 1055 ||| FLEEEEING.
  1059 | D:2      | 1059 ||| FLEEEEING.
  1060 | D:2      | 1060 ||| FLEEEEING.
  1061 | D:2      | 1061 ||| FLEEEEING.
  1062 | D:2      | 1062 ||| FLEEEEING.
  1063 | D:2      | 1063 ||| FLEEEEING.
  1064 | D:2      | 1064 ||| FLEEEEING.
  1065 | D:2      | 1065 ||| FLEEEEING.
  1164 | D:2      | Reached skill level 4 in Ranged Weapons
  1182 | D:2      | 1182 ||| Stepping ~*~*~tactically~*~*~ (outnumbered).
  1182 | D:2      | Noticed Robin
  1193 | D:2      | Killed Robin
  1194 | D:2      | Reached XP level 4. HP: 26/36 MP: 4/4
  1434 | D:2      | Reached skill level 5 in Ranged Weapons
  1737 | D:2      | 1737 ||| DROPPING ring of magical power.
  1738 | D:2      | 1738 ||| READING scroll labelled LUXKIU ARUF.
  1739 | D:2      | 1739 ||| READING scroll labelled ESUSHE FUTRYM.
  1740 | D:2      | 1740 ||| DRINKING 2 fuming clear potions.
  1797 | D:3      | Reached skill level 3 in Fighting
  1940 | D:3      | Found a sacrificial altar of Ru.
  1948 | D:3      | Reached skill level 1 in Armour
  1948 | D:3      | Reached XP level 5. HP: 45/45 MP: 5/5
  1981 | D:3      | 1981 ||| FLEEEEING.
  1985 | D:3      | 1985 ||| FLEEEEING.
  1986 | D:3      | 1986 ||| FLEEEEING.
  1987 | D:3      | 1987 ||| FLEEEEING.
  1988 | D:3      | 1988 ||| FLEEEEING.
  1989 | D:3      | 1989 ||| FLEEEEING.
  1990 | D:3      | 1990 ||| FLEEEEING.
  1991 | D:3      | 1991 ||| STAIRDANCE
  2006 | D:2      | 2006 ||| UPGRADING to amulet of the acrobat.
  2011 | D:2      | 2011 ||| UPGRADING to ring of resist corrosion.
  2012 | D:2      | 2012 ||| UPGRADING to ring of protection from cold.
  2014 | D:2      | 2014 ||| UPGRADING to +6 ring of strength.
  2016 | D:2      | 2016 ||| READING 2 scrolls labelled HAIKLUESTRE.
  2021 | D:2      | 2021 ||| DRINKING 2 fuming ruby potions.
  2022 | D:2      | 2022 ||| READING 2 scrolls of identify.
  2022 | D:2      | 2022 ||| IDENTIFYING murky pink potion
  2033 | D:3      | 2033 ||| STAIRDANCE
  2247 | D:3      | 2247 ||| READING scroll labelled GUMONG JUVYMP.
  2248 | D:3      | 2248 ||| READING 2 scrolls of identify.
  2248 | D:3      | 2248 ||| IDENTIFYING grey potion
  2249 | D:3      | 2249 ||| DROPPING potion of degeneration.
  2277 | D:4      | 2277 ||| STAIRDANCE
  2280 | D:3      | Reached skill level 6 in Ranged Weapons
  2521 | D:4      | Found a staircase to the Ecumenical Temple.
  2522 | D:4      | 2522 ||| PLANNING TEMPLE
  2522 | D:4      | 2522 ||| READING 2 scrolls of identify.
  2522 | D:4      | 2522 ||| IDENTIFYING sapphire potion
  2523 | D:4      | Noticed a phantom
  2534 | D:4      | Killed a phantom
  2534 | D:4      | HP: 8/45 [kobold/+0 club (4)]
  2535 | D:4      | Reached XP level 6. HP: 9/53 MP: 6/6
  2535 | D:4      | 2535 ||| READING scroll of teleportation.
  2536 | D:4      | 2536 ||| DRINKING potion of heal wounds.
  2608 | Temple   | Entered the Ecumenical Temple
  2614 | Temple   | 2614 ||| PLANNING OKAWARU WORSHIP
  2656 | Temple   | Became a worshipper of Warmaster Okawaru
  2657 | Temple   | 2657 ||| PLANNING D:1-11
  2821 | D:4      | Found an opulent altar of Gozag.
  2913 | D:4      | 2913 ||| Stepping ~*~*~tactically~*~*~ (outnumbered).
  2915 | D:4      | 2915 ||| Stepping ~*~*~tactically~*~*~ (outnumbered).
  3141 | D:4      | 3141 ||| READING 2 scrolls labelled SONGAZX TEMIN.
  3142 | D:4      | 3142 ||| READING scroll labelled YHAKEX GYXKYGO.
  3143 | D:4      | 3143 ||| DROPPING scroll of vulnerability.
  3151 | D:5      | Entered Level 5 of the Dungeon
  3165 | D:5      | Noticed a water moccasin
  3168 | D:5      | Killed a water moccasin
  3169 | D:5      | Reached skill level 7 in Ranged Weapons
  3173 | D:5      | Found a shimmering blue altar of Sif Muna.
  3232 | D:5      | Reached XP level 7. HP: 60/60 MP: 7/7
  3255 | D:5      | 3255 ||| Stepping ~*~*~tactically~*~*~ (outnumbered).
  3258 | D:5      | 3258 ||| Stepping ~*~*~tactically~*~*~ (outnumbered).
  3279 | D:5      | Reached skill level 8 in Ranged Weapons
  3291 | D:5      | Found a large runed translucent door.
  3291 | D:5      | Found a large runed translucent door.
  3297 | D:5      | Noticed qw's ghost (amateur GrHs)
  3325 | D:5      | Reached * piety under Okawaru
  3489 | D:5      | 3489 ||| INVOKING Heroism.
  3535 | D:5      | 3535 ||| UPGRADING to +1 robe of willpower.
  3617 | D:6      | Reached skill level 3 in Dodging
  3652 | D:6      | Reached skill level 9 in Ranged Weapons
  3652 | D:6      | Reached skill level 1 in Invocations
  3652 | D:6      | Reached XP level 8. HP: 68/68 MP: 8/8
  3818 | D:6      | Found a basalt altar of Yredelemnul.
  3819 | D:6      | 3819 ||| Stepping ~*~*~tactically~*~*~ (outnumbered).
  3829 | D:6      | 3829 ||| Stepping ~*~*~tactically~*~*~ (outnumbered).
  3831 | D:6      | 3831 ||| Stepping ~*~*~tactically~*~*~ (outnumbered).
  3837 | D:6      | 3837 ||| INVOKING Heroism.
  4053 | D:6      | 4053 ||| INVOKING Heroism.
  4055 | D:6      | HP: 12/67 [wight/+4 scimitar (13)]
  4056 | D:6      | 4056 ||| READING 4 scrolls of teleportation.
  4056 | D:6      | HP: 3/65 [wight/+0 short sword (6)]
  4056 | D:6      | HP: 1/64 [wight/+0 short sword (2)]
  4056 | D:6      | Mangled by a wight

Levels and vault maps discovered:
D:1:      enne_arrival_octagon_isle, layout_basic
D:2:      layout_loops_ring, uniq_robin
D:3:      layout_rooms, nicolae_ru_awakened_eye
D:4:      layout_loops_ring, lemuel_round_altar,
          minmay_temple_entry_stoned_glass
D:5:      layout_rooms, old_standard_altar, ebering_ghost_disaster_area
D:6:      layout_basic, lemuel_round_altar, minivault_23
Temple:   nicolae_temple_ecumenical_triangle

Skill      XL: |  1  2  3  4  5  6  7  8 |
---------------+-------------------------+-----
Ranged Weapons | 3 4 5 6 7 9 |  9.0
Fighting       | 2 3 4 5 |  5.5
Armour         | 1 |  1.2
Dodging        | 3 |  3.0
Invocations    | 1 2 |  2.4
Spellcasting   | |  1.0
Hexes          | |  2.0

Action                     |  1- 3 |  4- 6 |  7- 9 || total
---------------------------+-------+-------+-------++-------
   Fire: Sling             |    50 |       |       ||    50
         Arbalest          |    40 |   173 |    53 ||   266
 Invoke: Heroism           |       |       |     3 ||     3
    Use: Scroll            |     3 |    10 |     1 ||    14
         Potion            |     1 |     3 |       ||     4
 Armour: Robe              |     5 |       |     1 ||     6
         Ring mail         |    23 |    48 |       ||    71
  Dodge: Dodged            |    39 |    82 |    19 ||   140

Table legend:
 A = Non-vault XP
 B = Vault XP
 C = Vault XP percentage of total XP
 D = Non-vault monster count
 E = Vault monster count
 F = Vault count percentage of total count
                 A         B        C        D         E       F
            +---------+---------+-------+---------+---------+-------
      Total |    1720 |      39 |   2.2 |     103 |      13 |  11.2
            +---------+---------+-------+---------+---------+-------
        D:1 |      24 |       0 |   0.0 |      16 |       0 |   0.0
        D:2 |     143 |      39 |  21.4 |      26 |      13 |  33.3
        D:3 |     133 |       0 |   0.0 |      22 |       0 |   0.0
        D:4 |     183 |       0 |   0.0 |      17 |       0 |   0.0
        D:5 |     765 |       0 |   0.0 |      12 |       0 |   0.0
        D:6 |     472 |       0 |   0.0 |      10 |       0 |   0.0
            +---------+---------+-------+---------+---------+-------
